Map: Echo LE

Players

Nerchio - Winner!

  • Race: Zerg Zerg
  • Spawn Location: 11:00

Zervas

  • Race: Zerg Zerg
  • Spawn Location: 5:00

Event: LycanGTV LotV Beta Tournament 1

VOD

Have the link to the VOD?

Description

Time

  • Played on: April 2, 2015, 3:25 p.m.
  • Length: 8:24

All games in this series

Show
View Real Time Build Order
Export as new Build Order

Nerchio Zerg - Winner!

Build Orders: Hatch First 

Get SALT Encoding   

  12  0:01  Drone  
  13  0:12  Overlord  
  13  0:17  Drone  
  14  0:31  Drone x2  
  14  0:35  Drone  
  17  0:45  Drone  
  18  0:56  Hatchery  
  17  0:58  Drone  
  18  1:04  Extractor  
  17  1:12  Spawning Pool  
  17  1:15  Drone  
  17  1:19  Drone  
  18  1:28  Drone  
  19  1:39  Overlord  
  19  1:57  Drone  
  19  1:59  Queen  
  19  2:00  Zergling x2  
  23  2:07  Metabolic Boost  
  23  2:08  Queen  
  23  2:09  Drone  
  23  2:11  Drone  
  27  2:19  Drone  
  27  2:22  Drone  
  29  2:25  Baneling Nest  
  29  2:30  Drone  
  29  2:32  Drone  
  30  2:41  Overlord  
  30  2:43  Drone  
  30  2:44  Queen  
  33  3:07  Zergling x16  
  33  3:08  Baneling x2  
  33  3:12  Overlord  
  41  3:18  Drone x3  
  44  3:32  Drone x4  
  48  3:38  Baneling x2  
  48  3:39  Overlord  
  46  3:49  Drone  
  46  3:50  Drone x5  
  46  3:53  Drone  
  51  4:03  Evolution Chamber, Drone, Extractor  
  51  4:05  Drone  
  51  4:06  Drone  
  51  4:08  Hatchery  
  51  4:14  Roach Warren  
  51  4:15  Drone  
  51  4:16  Drone  
  52  4:23  Overlord  
  52  4:29  Extractor  
  51  4:31  Overlord  
  51  4:32  Drone x2  
  51  4:33  Drone  
  51  4:34  Zerg Missile Weapons Level 1  
  51  4:37  Pneumatized Carapace  
  54  4:40  Drone x2  
  54  4:41  Drone  
  54  4:42  Drone x2  
  59  4:50  Lair  
  59  4:55  Roach x2, Extractor  
  59  4:56  Roach  
  59  4:59  Roach  
  66  5:03  Roach x2  
  70  5:07  Overlord  
  70  5:10  Roach  
  70  5:13  Drone  
  73  5:14  Drone x2  
  73  5:17  Overlord  
  75  5:22  Drone  
  75  5:23  Drone x2  
  75  5:25  Drone  
  75  5:26  Drone  
  80  5:30  Drone  
  80  5:34  Drone x3  
  80  5:35  Drone  
  85  5:36  Drone  
  85  5:40  Extractor  
  85  5:41  Ravager x4  
  89  5:43  Drone x2  
  89  5:47  Overlord  
  89  5:49  Drone, Extractor  
  92  5:50  Drone x2  
  92  5:52  Glial Reconstitution  
  92  5:56  Drone x2  
  95  5:57  Drone  
  95  6:01  Overlord  
  95  6:03  Overlord  
  96  6:06  Drone x2  
  96  6:08  Overlord  
  98  6:15  Roach x4  
  104  6:19  Roach  
  104  6:21  Roach x3  
  104  6:23  Roach  
  114  6:28  Roach x2  
  114  6:29  Roach  
  114  6:31  Roach x2  
  124  6:34  Roach  
  124  6:38  Roach  
  128  6:46  Overlord  
  119  6:56  Roach  
  119  7:00  Overlord  
  115  7:01  Roach  
  115  7:02  Roach  
  115  7:03  Roach x2  
  115  7:04  Roach  
  115  7:05  Roach x4  
  115  7:06  Overlord  
  115  7:07  Overlord x2  
  129  7:09  Burrow  
  129  7:10  Roach x2  
  129  7:11  Overseer  
  129  7:12  Overlord  
  130  7:22  Roach x3  
  136  7:24  Ravager x2  
  136  7:26  Ravager  
  136  7:27  Roach  
  136  7:28  Roach  
  143  7:30  Hatchery, Overlord  
  143  7:31  Roach  
  143  7:34  Ravager  
  143  7:36  Roach  
  149  7:37  Roach  
  149  7:38  Roach x2  
  149  7:39  Roach  
  149  7:41  Roach  
  149  7:42  Roach  
  159  7:46  Roach x2  
  159  7:48  Overlord  
  159  7:50  Overlord  
  159  7:51  Overlord  
  163  7:53  Overlord  
  163  8:02  Overlord  
Show
View Real Time Build Order
Export as new Build Order

Zervas Zerg 

Build Orders: Hatch First 

Get SALT Encoding   

  12  0:01  Drone  
  13  0:12  Overlord  
  13  0:19  Drone  
  14  0:32  Drone x2  
  16  0:36  Drone  
  17  0:45  Drone  
  18  0:55  Hatchery  
  17  1:00  Drone  
  18  1:06  Extractor  
  17  1:12  Spawning Pool  
  17  1:17  Drone  
  17  1:18  Drone  
  18  1:38  Drone  
  19  1:41  Drone  
  20  1:50  Drone  
  21  2:00  Overlord  
  21  2:06  Queen  
  21  2:07  Queen  
  21  2:08  Drone  
  26  2:14  Drone  
  27  2:19  Drone  
  27  2:21  Drone  
  29  2:29  Zergling x2  
  30  2:35  Drone  
  31  2:40  Overlord  
  31  2:50  Queen  
  33  2:57  Overlord, Drone  
  33  2:58  Drone  
  35  3:02  Drone, Spine Crawler  
  35  3:10  Evolution Chamber, Drone  
  35  3:13  Drone  
  35  3:14  Drone x3  
  35  3:16  Drone x3  
  42  3:20  Drone x2  
  42  3:21  Drone  
  42  3:26  Lair  
  45  3:27  Overlord  
  45  3:32  Drone  
  46  3:38  Roach Warren  
  45  3:41  Zergling x2  
  45  3:42  Evolution Chamber, Zergling x2  
  47  3:48  Zergling x2  
  47  3:53  Queen  
  47  3:55  Drone x2  
  47  3:56  Drone x2, Extractor  
  47  3:57  Zerg Missile Weapons Level 1, Extractor  
  47  4:00  Drone x2  
  50  4:04  Drone x2  
  52  4:17  Drone x4, Extractor  
  52  4:20  Overlord  
  55  4:28  Glial Reconstitution  
  55  4:32  Drone  
  55  4:35  Roach  
  58  4:41  Roach  
  58  4:42  Overlord  
  58  4:44  Overlord  
  60  4:49  Zerg Ground Armor Level 1  
  60  4:59  Overlord x2  
  60  5:05  Roach  
  60  5:06  Roach x5  
  71  5:16  Drone, Overlord  
  72  5:26  Overlord  
  72  5:29  Hatchery  
  72  5:30  Roach x4  
  79  5:40  Overlord  
  79  5:43  Roach  
  79  5:45  Ravager  
  79  5:46  Ravager x4  
  86  5:50  Ravager  
  86  5:54  Roach  
  86  5:55  Roach  
  91  5:58  Roach  
  91  6:01  Overlord x2  
  93  6:07  Roach x2  
  90  6:20  Roach x6  
  102  6:26  Overlord  
  102  6:31  Overlord  
  102  6:36  Overlord  
  102  6:37  Roach  
  102  6:38  Roach x2  
  108  6:44  Roach  
  108  6:45  Roach x2  
  99  6:54  Roach x5  
  101  7:01  Roach x2  
  101  7:05  Roach x2  
  103  7:10  Roach  
  103  7:14  Drone  
  106  7:18  Drone x3  
  106  7:19  Roach x3  
  111  7:26  Drone x5  
  116  7:32  Ravager x2, Extractor  
  116  7:34  Ravager  
  118  7:38  Overseer  
  118  7:40  Drone x2  
  118  7:41  Drone  
  121  7:44  Extractor  
  121  7:47  Drone x2  
  121  7:48  Drone x4  
  121  7:50  Roach  
  128  7:53  Overlord  
  128  7:54  Overlord  
  128  7:56  Roach  
  131  7:58  Ravager  
  131  7:59  Ravager  
  131  8:04  Roach  
  131  8:05  Roach x2  

Tags
 
Add a new tag
Caveats
  • Supply blocks, unpowered buildings, or Contaminate may cause inaccurate times.
  • Supply counts are checked every 10 seconds.